 Dungeon Crawl Stone Soup version 0.22.1-2-g9c5b331 (webtiles) character file.

220088 Lilu the Devastator (level 18, -8/115 HPs)
             Began as a Deep Elf Conjurer on Nov 16, 2018.
             Was an Elder of Sif Muna.
             Mangled by the 27-headed Lernaean hydra (13 damage)
             ... on level 4 of the Swamp on Nov 17, 2018.
             The game lasted 05:13:20 (72130 turns).

Lilu the Devastator (Deep Elf Conjurer)            Turns: 72130, Time: 05:13:20

Health: -8/115     AC:  9    Str:  6    XL:     18   Next: 46%
Magic:  39/48      EV: 24    Int: 32    God:    Sif Muna [****..]
Gold:   2416       SH: 12    Dex: 18    Spells: 11/47 levels left

rFire    . . .     SeeInvis .   s - staff of energy
rCold    . . .     Gourm    .   U - +0 shield
rNeg     . . .     Faith    .   X - +2 robe {MR+}
rPois    +         Spirit   .   p - +0 hat of Kexzab {Int+4 Dex+3}
rElec    .         Reflect  .   q - +2 cloak
rCorr    .         Harm     .   z - +0 pair of gloves
MR       +++..                  r - +0 pair of boots
Stlth    ++........             M - amulet of regeneration
HPRegen  0.69/turn              d - ring of Kankeg {rPois MR+ Slay+2}
MPRegen  0.31/turn              N - ring of magical power

@: swift, invisible, divine energy, deflect missiles, very quick
A: no striking features
}: 1/15 runes: serpentine
a: Stop Divine Energy, Channel Magic, Forget Spell, Renounce Religion


You were on level 4 of the Swamp.
You worshipped Sif Muna.
Sif Muna was greatly pleased with you.
You were not hungry.

You visited 6 branches of the dungeon, and saw 32 of its levels.

You collected 3561 gold pieces.
You spent 1145 gold pieces at shops.

Inventory:

Armour
 p - the +0 hat of Kexzab (worn) {Int+4 Dex+3}
   (You found it on level 4 of the Snake Pit)

   It affects your intelligence (+4).
   It affects your dexterity (+3).
 q - a +2 cloak (worn)
 r - a +0 pair of boots (worn)
 z - a +0 pair of gloves (worn)
 U - a +0 shield (worn)
 X - a +2 robe of magic resistance (worn)
Magical Staves
 s - an uncursed staff of energy (weapon)
Jewellery
 d - the ring of Kankeg (left hand) {rPois MR+ Slay+2}
   (You bought it in a shop on level 2 of the Orcish Mines)

   [ring of poison resistance]

   It affects your accuracy and damage with ranged weapons and melee attacks
   (+2).
   It protects you from poison.
   It affects your resistance to hostile enchantments.
 e - a +3 ring of intelligence
 f - an uncursed ring of positive energy
 n - an uncursed ring of resist corrosion
 C - an uncursed ring of protection from fire
 H - the amulet "Reofiat" {Acrobat +Fly MR- Int+4}
   (You took it off a spriggan druid on level 4 of the Swamp)

   [amulet of the acrobat]

   It helps you evade while moving and waiting.
   It affects your intelligence (+4).
   It affects your resistance to hostile enchantments.
   It lets you fly.
 M - an amulet of regeneration (around neck)
 N - a ring of magical power (right hand)
 P - the ring of Oryfryfi {Fire MR+ Int+7 Dex-4 Stlth+}
   (You found it on level 15 of the Dungeon)

   [ring of fire]

   It enhances your fire magic.
   It affects your intelligence (+7).
   It affects your dexterity (-4).
   It protects you from fire.
   It makes you vulnerable to cold.
   It affects your resistance to hostile enchantments.
   It makes you more stealthy.
Wands
 a - a wand of acid (16)
 l - a wand of digging (25)
 m - a wand of clouds (2)
 o - a wand of disintegration (32)
 x - a wand of paralysis (76)
 F - a wand of enslavement (17)
 O - a wand of iceblast (24)
Scrolls
 b - 2 scrolls of blinking
 g - 5 scrolls of enchant armour
 h - 3 scrolls of amnesia
 i - 7 scrolls of immolation
 j - 13 scrolls of remove curse
 k - 6 scrolls of teleportation
 u - 11 scrolls of fog
 y - 4 scrolls of fear
 B - 4 scrolls of magic mapping
 J - 2 scrolls of summoning
 Q - a scroll of holy word
 V - 3 scrolls of vulnerability
 Y - 3 scrolls of enchant weapon
Potions
 t - 6 potions of heal wounds
 v - 5 potions of lignification
 A - 5 potions of agility
 D - a potion of cancellation
 E - 5 potions of curing
 G - 5 potions of ambrosia
 I - 2 potions of berserk rage
 K - 2 potions of brilliance
 L - 2 potions of magic
 R - 4 potions of resistance
 T - 3 potions of might
 W - a potion of haste
 Z - 2 potions of flight
Comestibles
 c - 18 rations


   Skills:
 + Level 13.4 Fighting
   Level 0.4 Maces & Flails
 + Level 15.4 Dodging
 - Level 2.4 Stealth
 + Level 13.1 Shields
 + Level 15.2 Spellcasting
 - Level 16.0 Conjurations
 - Level 5.0 Hexes
 - Level 8.0 Charms
 - Level 4.0 Translocations
 - Level 3.1 Transmutations
 - Level 8.0 Air Magic
 - Level 3.1 Earth Magic
 - Level 5.0 Invocations


You had 11 spell levels left.
You knew the following spells:

 Your Spells              Type           Power        Failure   Level  Hunger
a - Conjure Flame         Conj/Fire      ######..     1%          3    None
c - Iskenderun's Mystic   Conj           #######.     1%          4    None
d - Fulminant Prism       Conj/Hex       #######...   1%          4    None
e - Force Lance           Conj/Tloc      ######..     1%          4    None
f - Orb of Destruction    Conj           #######...   2%          7    None
g - Swiftness             Chrm/Air       ######..     1%          2    None
h - Cause Fear            Hex            ######....   2%          4    None
i - Passwall              Tmut/Erth      #####...     1%          2    None
j - Deflect Missiles      Chrm/Air       ######....   13%         6    None

Your spell library contained the following spells:

 Spells                   Type           Power        Failure   Level  Hunger
 Magic Dart               Conj           ####         0%          1    None
 Shock                    Conj/Air       ####         0%          1    None
 Searing Ray              Conj           ######       0%          2    None
 Confusing Touch          Hex            ######       1%          1    None
 Corona                   Hex            ######.      1%          1    None
 Flame Tongue             Conj/Fire      #####        1%          1    None
 Sandblast                Erth           #####.       1%          1    None
 Sting                    Conj/Pois      ####         1%          1    None
 Ensorcelled Hibernation  Hex/Ice        #####.       1%          2    None
 Slow                     Hex            ######..     1%          2    None
 Throw Flame              Conj/Fire      ######       1%          2    None
 Throw Frost              Conj/Ice       ######       1%          2    None
 Confuse                  Hex            ######..     1%          3    None
 Dazzling Spray           Conj/Hex       ######       1%          3    None
 Portal Projectile        Hex/Tloc       ######       1%          3    None
 Spectral Weapon          Hex/Chrm       ######..     1%          3    None
 Static Discharge         Conj/Air       #######.     1%          3    None
 Stone Arrow              Conj/Erth      ######       1%          3    None
 Tukima's Dance           Hex            ######..     1%          3    None
 Airstrike                Air            ######....   1%          4    None
 Sticky Flame             Conj/Fire      ######..     1%          4    None
 Irradiate                Conj/Tmut      ######....   1%          5    None
 Iskenderun's Battlesphe  Conj/Chrm      #######.     1%          5    None
 Lightning Bolt           Conj/Air       #######...   1%          5    None
 Inner Flame              Hex/Fire       #####...     2%          3    None
 Summon Guardian Golem    Hex/Summ       #####...     2%          3    None
 Bolt of Draining         Conj/Necr      ######....   2%          5    None
 Venom Bolt               Conj/Pois      ######....   2%          5    None
 Corpse Rot               Necr           N/A          3%          2    None
 Sublimation of Blood     Necr           ###.......   3%          2    None
 Recall                   Summ/Tloc      N/A          3%          3    None
 Leda's Liquefaction      Hex/Erth       ######....   4%          4    None
 Bolt of Magma            Conj/Fire/Erth ######....   4%          5    None
 Silence                  Hex/Air        ######....   4%          5    None
 Petrify                  Tmut/Erth      #####...     6%          4    None
 Iron Shot                Conj/Erth      ######....   7%          6    None
 Excruciating Wounds      Chrm/Necr      ######....   12%         5    None
 Yara's Violent Unravell  Hex/Tmut       ######....   12%         5    None
 Bolt of Cold             Conj/Ice       ######....   13%         6    None
 Bolt of Fire             Conj/Fire      ######....   13%         6    None
 Freezing Cloud           Conj/Ice/Air   ######....   13%         6    None
 Poison Arrow             Conj/Pois      ######....   13%         6    None
 Lee's Rapid Deconstruct  Erth           #####.....   19%         5    None
 Animate Dead             Necr           N/A          22%         4    None
 Metabolic Englaciation   Hex/Ice        #####.....   22%         5    None
 Borgnjor's Vile Clutch   Necr/Erth      ####......   32%         5    None
 Darkness                 Hex            ######....   41%         6    None
 Agony                    Necr           ###.....     54%         5    None
 Dispel Undead            Necr           ###.....     54%         5    None
 Spellforged Servitor     Conj/Summ      ######....   58%         7    None
 Statue Form              Tmut/Erth      #####....    67%         6    None
 Chain Lightning          Conj/Air       #######...   73%         8    None
 Lehudib's Crystal Spear  Conj/Erth      ######....   96%         8    None
 Death Channel            Necr           ###.......   98%         6    None
 Simulacrum               Ice/Necr       ###.......   98%         6    None
 Dragon Form              Tmut           #####.....   99%         7    None
 Discord                  Hex            ######....   100%        8    None
 Dragon's Call            Summ           ###.......   100%        9    None
 Fire Storm               Conj/Fire      ######....   100%        9    None
 Glaciate                 Conj/Ice       ######....   100%        9    None


Dungeon Overview and Level Annotations

Branches:
Dungeon (15/15)            Temple (1/1) D:4            Lair (6/6) D:11
  Swamp (4/4) Lair:3        Snake (4/4) Lair:4        Slime (0/5) Lair:6
    Orc (2/2) D:9             Elf (0/3) Orc:2        Vaults (0/5) D:14
 Depths (0/5) D:15

Altars:
Ashenzari
Cheibriados
Dithmenos
Elyvilon
Fedhas
Gozag
Hepliaklqana
Kikubaaqudgha
Makhleb
Nemelex Xobeh
Okawaru
Qazlal
Ru
Sif Muna
Trog
Uskayaw
Vehumet
Wu Jian
Xom
Yredelemnul
Zin
The Shining One
Beogh

Shops:
D:4 :   D:10 (   D:14 *   Orc:2 ([=!

Annotations:
Swamp:4 Lernaean hydra


Message History

The 27-headed Lernaean hydra bites you but does no damage.
The 27-headed Lernaean hydra bites you.
* * * LOW HITPOINT WARNING * * *
The 27-headed Lernaean hydra bites you.
* * * LOW HITPOINT WARNING * * *
Things that are here:
a +1 helmet; a quarterstaff; a robe You see here +0 swamp dragon scales.
You fade into invisibility!
The 27-headed Lernaean hydra misses you.
The 27-headed Lernaean hydra bites you!
* * * LOW HITPOINT WARNING * * *
The 27-headed Lernaean hydra closely misses you. x2
The 27-headed Lernaean hydra bites you.
* * * LOW HITPOINT WARNING * * *
The 27-headed Lernaean hydra misses you.
The 27-headed Lernaean hydra completely misses you.
The 27-headed Lernaean hydra bites you but does no damage.
The 27-headed Lernaean hydra bites you!
You die...

♣♣ ♣♣.....≈.≈.≈♣≈≈≈..≈≈ .♣
♣♣≈..#..≈....≈≈.....≈ ♣♣♣♣♣
♣....≈......≈≈§...#.. ♣..≈♣
♣♣..≈[..≈.≈≈≈≈≈.≈..≈. ≈≈≈.♣ ♣♣♣♣
♣♣≈≈.[≈≈[..≈....≈.≈.
≈≈≈.♣♣♣≈.♣♣♣♣ ♣♣♣≈≈..♣≈≈≈..≈...≈.
.≈..≈♣§.♣♣♣.♣♣♣≈♣≈..≈...§.≈..≈...
♣♣♣♣♣♣≈≈≈...≈♣..≈D[..♣≈......≈...
♣ ♣≈≈≈.....♣≈@.≈.♣♣...≈≈...≈≈.
♣♣♣ ♣..≈§.♣..♣≈≈[≈...≈........≈≈
≈.♣♣♣♣♣≈......≈≈...........≈.....
≈≈.♣♣≈...♣≈♣♣≈.≈....≈♣♣≈..≈≈...≈.
≈§.≈≈≈≈≈.♣♣♣♣≈♣.♣.≈[♣≈♣........≈[
≈≈≈.≈≈≈..♣ ♣.≈..≈..♣≈..≈≈≈...≈≈≈.
≈≈..≈≈≈♣♣♣ ♣≈≈≈...≈≈≈.≈§.........
≈...≈.♣♣♣ ♣♣.....♣♣.≈...≈≈......
≈.≈<≈≈.≈♣ ♣♣...♣♣.♣..≈.≈.%.....


You could see the 27-headed Lernaean hydra.

Vanquished Creatures
  2 thorn hunters
  Agnes (D:15)
  Roxanne (D:14)
  12 nagarajas (Snake:4)
  A frost giant (D:15)
  2 ettins (Orc:1)
  Erolcha (D:10)
  2 fire dragons (Lair:6)
  20 hydras
  The ghost of Xaitooz the Blocker, a journeyman GrFi of Cheibriados (Lair:2)
  26 anacondas
  2 ghost crabs
  A catoblepas (D:12)
  7 centaur warriors
  Erica (D:8)
  6 naga warriors
  4 two-headed ogres
  A death knight (D:13)
  10 alligators
  Urug (Lair:3)
  3 tengu warriors (D:15)
  7 shock serpents
  7 spriggans
  A salamander mystic (Snake:2)
  12 naga sharpshooters
  5 skeletal warriors (D:15)
  13 swamp dragons
  3 unseen horrors
  2 spriggan druids
  9 naga ritualists
  2 orc knights
  A wizard (D:14)
  Pikel (D:8)
  3 shambling mangroves
  3 lindwurms
  11 mana vipers
  A harpy (shapeshifter) (D:14)
  2 wolf spider zombies
  A wolf spider (D:15)
  2 cyclopes
  A deep elf mage (D:13)
  A cyclops (shapeshifter) (D:15)
  2 oklob plants
  8 orc sorcerers (Orc:2)
  8 ugly things
  A manticore (D:14)
  12 salamanders
  13 guardian serpents
  Joseph (D:9)
  15 elephants
  Maurice (D:9)
  2 gargoyles (D:13)
  5 torpor snails (Lair:6)
  13 spiny frogs
  34 black mambas
  20 naga magi
  3 centaur skeletons
  4 rime drakes
  4 komodo dragons
  A kobold demonologist (D:14)
  A komodo dragon (shapeshifter) (D:14)
  2 yaktaurs (D:15)
  A tengu conjurer (D:15)
  7 trolls
  15 tyrant leeches
  A polar bear (Lair:5)
  7 bog bodies
  18 hornets
  5 dream sheep
  15 blink frogs
  24 slime creatures
  8 hippogriffs
  A shadow (D:15)
  45 yaks
  2 water elementals
  The ghost of KeeTraxx the Magician, an amateur SpNe (D:6)
  4 basilisks
  3 wraiths (D:13)
  A wyvern (D:13)
  24 vampire mosquitoes
  A hungry ghost (D:15)
  Menkaure (D:4)
  45 nagas
  2 steam dragons (Lair:6)
  13 swamp worms
  3 wargs
  12 insubstantial wisps (Swamp:2)
  5 acid dragons
  19 water moccasins
  4 porcupines
  12 swamp drakes
  3 ice beasts
  3 sky beasts
  4 slaves
  16 orc warriors
  4 black bears
  A necrophage (D:7)
  A phantom (D:10)
  14 wolves
  18 ogres
  12 centaurs
  An eye of draining (D:15)
  8 crocodiles
  7 big kobolds
  22 bullfrogs
  2 gnoll sergeants
  A wyvern skeleton (D:7)
  A hornet simulacrum (D:15)
  4 scorpions
  28 killer bees
  A vampire bat (D:9)
  7 howler monkeys
  8 electric eels
  5 crimson imps
  3 centaur zombies
  A quasit (D:10)
  4 bullfrog zombies
  10 hounds
  42 orc wizards
  5 bullfrog skeletons
  14 orc priests
  3 jellies
  Jessica (D:3)
  Ijyb (D:2)
  9 worker ants
  Natasha (thrice) (D:4)
  8 iguanas
  A hound zombie (D:7)
  A hound skeleton (D:6)
  A howler monkey zombie (D:6)
  A worker ant zombie (D:7)
  A howler monkey skeleton (D:11)
  13 gnolls
  10 adders
  4 shadow imps
  3 oozes
  An adder zombie (D:5)
  2 adder skeletons (D:6)
  4 worms
  3 dart slugs
  2 leopard geckos
  92 orcs
  9 bats
  2 bat skeletons (D:9)
  4 bat zombies (D:9)
  2 giant cockroaches
  9 goblins
  7 hobgoblins
  16 jackals
  23 kobolds
  6 quokkas
  3 ball pythons
  3 frilled lizards (D:1)
  9 rats
  A butterfly (Lair:5)
  A fulminant prism (D:13)
  2 fungi
  10 plants
1163 creatures vanquished.

Vanquished Creatures (others)
  A hornet (Swamp:4)
  A crimson imp (D:13)
  157 fulminant prisms
  16 fungi
  40 plants
215 creatures vanquished.

Grand Total: 1378 creatures vanquished

Notes
Turn   | Place    | Note
-------+----------+-------------------------------------------
     0 | D:1      | Lilu the Deep Elf Conjurer began the quest for the Orb.
     0 | D:1      | Reached XP level 1. HP: 10/10 MP: 6/6
   225 | D:1      | Reached XP level 2. HP: 15/15 MP: 1/8
   288 | D:1      | Learned a level 2 spell: Searing Ray
   576 | D:1      | Reached skill level 5 in Conjurations
  1347 | D:2      | Reached XP level 3. HP: 17/19 MP: 3/10
  1591 | D:2      | Noticed Ijyb
  1606 | D:2      | Killed Ijyb
  1780 | D:2      | Reached XP level 4. HP: 24/24 MP: 9/12
  2126 | D:2      | Reached skill level 6 in Conjurations
  2383 | D:2      | Found a burning altar of Makhleb.
  2626 | D:3      | Reached XP level 5. HP: 28/28 MP: 8/13
  3052 | D:3      | Noticed Jessica
  3061 | D:3      | Killed Jessica
  3061 | D:3      | Reached skill level 5 in Spellcasting
  3394 | D:4      | Found Yjiesut's Book Shoppe.
  3440 | D:4      | Reached skill level 7 in Conjurations
  3440 | D:4      | Noticed Natasha
  3453 | D:4      | Reached XP level 6. HP: 28/32 MP: 6/16
  3551 | D:4      | Killed Natasha
  3894 | D:4      | Found a snail-covered altar of Cheibriados.
  3958 | D:4      | Noticed Menkaure
  4326 | D:4      | Found a staircase to the Ecumenical Temple.
  4335 | Temple   | Entered the Ecumenical Temple
  4614 | Temple   | Became a worshipper of Sif Muna the Loreminder
  4663 | D:4      | Killed Menkaure
  4813 | D:4      | Noticed Natasha
  4823 | D:4      | Killed Natasha
  5066 | D:4      | Noticed Natasha
  5080 | D:4      | Killed Natasha
  5080 | D:4      | Reached skill level 8 in Conjurations
  5080 | D:4      | Reached XP level 7. HP: 36/36 MP: 14/18
  5121 | D:5      | Entered Level 5 of the Dungeon
  5121 | D:5      | Found a bloodstained altar of Trog.
  5200 | D:5      | Learned a level 4 spell: Iskenderun's Mystic Blast
  5689 | D:5      | Reached * piety under Sif Muna
  6030 | D:5      | Found a hazy altar of Hepliaklqana.
  6040 | D:5      | Reached skill level 9 in Conjurations
  6416 | D:6      | Found a transporter.
  6418 | D:6      | Found a transporter.
  6419 | D:6      | Noticed KeeTraxx's ghost (amateur SpNe)
  6572 | D:6      | Reached XP level 8. HP: 41/41 MP: 12/21
  6774 | D:6      | Reached skill level 10 in Conjurations
  7447 | D:7      | Reached skill level 5 in Dodging
  7584 | D:7      | Reached ** piety under Sif Muna
  7866 | D:7      | Reached XP level 9. HP: 39/45 MP: 24/24
  8817 | D:7      | Found a stormy altar of Qazlal.
  9063 | D:7      | Reached skill level 10 in Spellcasting
  9077 | D:7      | Learned a level 4 spell: Fulminant Prism
  9082 | D:7      | Learned a level 4 spell: Force Lance
  9522 | D:6      | Killed KeeTraxx's ghost
  9640 | D:8      | Reached skill level 1 in Hexes
  9640 | D:8      | Reached skill level 1 in Translocations
  9796 | D:8      | Reached XP level 10. HP: 23/50 MP: 23/26
  9798 | D:8      | Reached skill level 10 in Dodging
 10050 | D:8      | Noticed Erica
 10064 | D:8      | Killed Erica
 10064 | D:8      | Reached *** piety under Sif Muna
 10285 | D:8      | Found a blossoming altar of Fedhas.
 10375 | D:8      | Found a burning altar of Makhleb.
 10375 | D:8      | Found a white marble altar of Elyvilon.
 10555 | D:9      | Noticed Maurice
 10726 | D:9      | Killed Maurice
 10978 | D:9      | Reached skill level 1 in Fighting
 11207 | D:9      | Reached skill level 1 in Shields
 11708 | D:9      | Found a staircase to the Orcish Mines.
 11976 | D:9      | Found a sacrificial altar of Ru.
 12049 | D:9      | Noticed Pikel
 12154 | D:8      | Killed Pikel
 12316 | D:9      | Noticed Joseph
 12326 | D:9      | Found an ancient bone altar of Kikubaaqudgha.
 12342 | D:9      | Killed Joseph
 12342 | D:9      | Reached skill level 11 in Conjurations
 12570 | D:10     | Entered Level 10 of the Dungeon
 12589 | D:10     | Noticed Erolcha
 12600 | D:10     | Killed Erolcha
 12600 | D:10     | Reached XP level 11. HP: 27/61 MP: 6/27
 13337 | D:10     | Reached skill level 5 in Fighting
 13481 | D:10     | Noticed a two-headed ogre
 13499 | D:10     | Killed a two-headed ogre
 13629 | D:10     | Reached **** piety under Sif Muna
 13786 | D:10     | Found Raubb's Antique Weapon Boutique.
 16238 | D:11     | Reached skill level 12 in Conjurations
 16273 | D:11     | Found a staircase to the Lair.
 16755 | Lair:1   | Entered Level 1 of the Lair of Beasts
 17028 | Lair:1   | Noticed an eight-headed hydra
 17293 | Lair:1   | Found an ancient bone altar of Kikubaaqudgha.
 17293 | Lair:1   | Noticed an oklob plant
 17329 | Lair:2   | Reached skill level 5 in Shields
 17330 | Lair:2   | Reached XP level 12. HP: 54/72 MP: 13/28
 17625 | Lair:2   | Found a runed gate.
 17625 | Lair:2   | Found a runed gate.
 17627 | Lair:2   | Noticed Xaitooz's ghost (journeyman GrFi)
 17826 | Lair:2   | Found a runed gate.
 19826 | Lair:1   | Killed an eight-headed hydra
 20879 | Lair:2   | Killed Xaitooz's ghost
 22044 | Lair:3   | Noticed Urug
 22091 | Lair:3   | Killed Urug
 22406 | Lair:3   | Found a staircase to the Swamp.
 22941 | Lair:4   | Reached skill level 1 in Invocations
 23069 | Lair:5   | Reached XP level 13. HP: 80/80 MP: 27/31
 24224 | Lair:4   | Found a staircase to the Snake Pit.
 25272 | Lair:5   | You fall through a shaft!
 25272 | Lair:6   | Entered Level 6 of the Lair of Beasts
 25289 | Lair:6   | Reached ***** piety under Sif Muna
 25405 | Lair:6   | Found a runed door.
 25805 | Lair:6   | Found a staircase to the Slime Pits.
 26217 | Lair:6   | Paralysed by a hornet for 1 turns
 27926 | Lair:5   | Paralysed by a hornet for 1 turns
 28719 | Lair:6   | Received a gift from Sif Muna
 29280 | Lair:6   | Reached skill level 10 in Fighting
 29855 | Lair:6   | Learned a level 7 spell: Orb of Destruction
 30500 | Lair:6   | Noticed a fire dragon
 30517 | Lair:6   | Killed a fire dragon
 31074 | Lair:6   | Reached skill level 13 in Conjurations
 31266 | Lair:6   | Reached XP level 14. HP: 41/88 MP: 18/33
 32835 | D:12     | Reached skill level 5 in Invocations
 34722 | D:13     | Identified Sif Muna's Grimoire of Changing and Arcane
                  | Weapons (Sif Muna gifted it to you on level 13 of the
                  | Dungeon)
 34722 | D:13     | Received a gift from Sif Muna
 34722 | D:13     | Reached skill level 5 in Hexes
 35733 | D:13     | Reached skill level 14 in Conjurations
 36491 | Orc:1    | Entered Level 1 of the Orcish Mines
 37154 | Orc:2    | Entered Level 2 of the Orcish Mines
 37700 | Orc:2    | Learned a level 2 spell: Swiftness
 37705 | Orc:2    | Learned a level 4 spell: Cause Fear
 38158 | Orc:2    | Reached skill level 1 in Charms
 38164 | Orc:2    | Found a staircase to the Elven Halls.
 38357 | Orc:2    | Reached skill level 1 in Air Magic
 39257 | Orc:2    | Found Huluqaso's Jewellery Boutique.
 39257 | Orc:2    | Found Poarch's Distillery.
 40093 | Orc:2    | Found Urumuiw's Antique Weapon Boutique.
 40093 | Orc:2    | Found Hoeschafo's Armour Emporium.
 40749 | Orc:2    | Found a roughly hewn altar of Beogh.
 40832 | Orc:2    | Bought a potion of curing for 33 gold pieces
 40832 | Orc:2    | Bought a potion of heal wounds for 55 gold pieces
 40832 | Orc:2    | Bought a potion of heal wounds for 55 gold pieces
 40832 | Orc:2    | Bought a potion of curing for 33 gold pieces
 40832 | Orc:2    | Bought a potion of curing for 33 gold pieces
 40832 | Orc:2    | Bought 2 potions of heal wounds for 110 gold pieces
 40832 | Orc:2    | Bought a potion of ambrosia for 88 gold pieces
 41621 | Orc:1    | Found a runed door.
 41858 | Orc:1    | Found a roughly hewn altar of Beogh.
 42700 | D:14     | Reached XP level 15. HP: 93/93 MP: 30/34
 43123 | D:14     | Received a gift from Sif Muna
 43305 | D:14     | Found Palibby's General Store.
 43596 | D:14     | Noticed Roxanne
 43662 | D:14     | Killed Roxanne
 43752 | D:14     | Identified Roxanne's Grimoire of Clay (You took it off
                  | Roxanne on level 14 of the Dungeon)
 43757 | D:14     | Learned a level 2 spell: Passwall
 43950 | D:14     | Found a gate to the Vaults.
 44178 | D:14     | Reached skill level 1 in Transmutations
 44178 | D:14     | Reached skill level 1 in Earth Magic
 44584 | D:15     | Entered Level 15 of the Dungeon
 44616 | D:15     | Got a brightly glowing wooden ring
 44622 | D:15     | Identified the ring of Oryfryfi {Fire MR+ Int+7 Dex-4
                  | Stlth+} (You found it on level 15 of the Dungeon)
 46187 | D:15     | Noticed Agnes
 46197 | D:15     | Killed Agnes
 47100 | D:15     | Reached skill level 10 in Shields
 47440 | D:15     | Found a staircase to the Depths.
 47471 | D:15     | Noticed a frost giant
 47482 | D:15     | Killed a frost giant
 48194 | Orc:2    | Bought the ring of Kankeg {rPois MR+ Slay+2} for 738 gold
                  | pieces
 48461 | Swamp:1  | Entered Level 1 of the Swamp
 48707 | Lair:3   | Paralysed by a hornet for 1 turns
 49174 | Swamp:1  | Noticed a thorn hunter
 50308 | Swamp:1  | Killed a thorn hunter
 50308 | Swamp:1  | Reached XP level 16. HP: 101/101 MP: 19/36
 50435 | Swamp:1  | Learned a level 6 spell: Deflect Missiles
 51499 | Swamp:2  | Reached skill level 5 in Charms
 52787 | Swamp:2  | Reached skill level 5 in Air Magic
 54105 | Swamp:3  | Noticed a thorn hunter
 54111 | Swamp:3  | Killed a thorn hunter
 55831 | Snake:1  | Entered Level 1 of the Snake Pit
 55960 | Snake:1  | Identified Taguur's Guide on Burning Enchantment (Sif Muna
                  | gifted it to you on level 1 of the Snake Pit)
 55960 | Snake:1  | Received a gift from Sif Muna
 57057 | Snake:1  | You fall through a shaft!
 58353 | Snake:2  | Reached skill level 15 in Conjurations
 60046 | Snake:2  | Reached XP level 17. HP: 106/106 MP: 32/37
 63121 | Snake:4  | Entered Level 4 of the Snake Pit
 64063 | Snake:4  | Identified Sif Muna's Catalogue of Fiery Conjuration (Sif
                  | Muna gifted it to you on level 4 of the Snake Pit)
 64063 | Snake:4  | Received a gift from Sif Muna
 65124 | Snake:4  | Reached skill level 16 in Conjurations
 66845 | Snake:4  | Reached XP level 18. HP: 65/114 MP: 0/38
 67522 | Snake:4  | Reached skill level 15 in Dodging
 68627 | Snake:4  | Got a serpentine rune of Zot
 68747 | Snake:4  | Got a smoking hat
 68768 | Snake:4  | Identified the +0 hat of Kexzab {Int+4 Dex+3} (You found it
                  | on level 4 of the Snake Pit)
 68786 | Snake:4  | Learned a level 3 spell: Conjure Flame
 69139 | Swamp:4  | Entered Level 4 of the Swamp
 70133 | Swamp:4  | Reached skill level 15 in Spellcasting
 71107 | Swamp:3  | HP: 5/114 [poisoned by a swamp dragon (poison gas)]
 71948 | Swamp:4  | Got a scintillating ruby amulet
 71950 | Swamp:4  | Identified the amulet "Reofiat" {Acrobat +Fly MR- Int+4}
                  | (You took it off a spriggan druid on level 4 of the Swamp)
 72109 | Swamp:4  | Noticed the 27-headed Lernaean hydra
 72130 | Swamp:4  | HP: 5/115 [the 27-headed Lernaean hydra (3)]
 72130 | Swamp:4  | Mangled by the 27-headed Lernaean hydra

Skill      XL: |  1  2  3  4  5  6  7  8  9 10 11 12 13 14 15 16 17 18 |
---------------+-------------------------------------------------------+-----
Conjurations   | 5 6 7 8 9 10 11 12 13 14 15 16 | 16.0
Spellcasting   | 4 5 6 7 9 10 12 13 14 15 | 15.2
Dodging        | 6 9 10 12 13 14 15 | 15.4
Hexes          | 2 4 5 |  5.0
Translocations | 2 4 |  4.0
Fighting       | 4 7 9 10 11 12 13 | 13.4
Shields        | 2 5 7 8 9 10 11 12 13 | 13.1
Invocations    | 1 4 5 |  5.0
Charms         | 4 8 |  8.0
Air Magic      | 3 4 8 |  8.0
Transmutations | 3 |  3.1
Earth Magic    | 3 |  3.1
Maces & Flails | |  0.4
Stealth        | |  2.4

Action                   |  1- 3 |  4- 6 |  7- 9 | 10-12 | 13-15 | 16-18 || total
-------------------------+-------+-------+-------+-------+-------+-------++-------
Melee: War axe           |       |     7 |    18 |       |       |       ||    25
       Whip              |       |       |       |     2 |       |       ||     2
       Staff             |       |       |       |     1 |   102 |     3 ||   106
 Fire: Shortbow          |       |       |       |     7 |       |       ||     7
Throw: Tomahawk          |       |       |       |       |     4 |       ||     4
 Cast: Magic Dart        |    65 |    45 |    48 |    93 |   126 |     9 ||   386
       Searing Ray       |     3 |    20 |    78 |   109 |    78 |     1 ||   289
       Iskenderun's Myst |       |       |     3 |   206 |   547 |   242 ||   998
       Fulminant Prism   |       |       |     1 |    45 |    96 |    18 ||   160
       Force Lance       |       |       |       |     3 |    71 |    50 ||   124
       Orb of Destructio |       |       |       |       |    98 |   349 ||   447
       Cause Fear        |       |       |       |       |     7 |     2 ||     9
       Swiftness         |       |       |       |       |     6 |     3 ||     9
       Deflect Missiles  |       |       |       |       |       |     8 ||     8
Invok: Divine Energy     |       |       |     1 |       |       |       ||     1
  Use: Scroll            |       |       |     4 |     8 |    19 |    10 ||    41
       Potion            |       |       |     2 |     1 |     5 |     7 ||    15
  Eat: Chunk             |     3 |     7 |     8 |    26 |    46 |    16 ||   106
       Ration            |       |     1 |     2 |     4 |    11 |    15 ||    33
Armor: Robe              |     5 |     1 |       |    43 |   120 |    40 ||   209
       Leather armour    |       |     5 |    24 |       |       |       ||    29
Dodge: Dodged            |    10 |    26 |   116 |   292 |   463 |   328 ||  1235
       Deflected         |       |       |       |       |       |    65 ||    65
Block: Shield            |       |       |       |    67 |   313 |   230 ||   610
